 Dungeon Crawl Stone Soup version 0.27.0-1-g7a08968 (webtiles) character file.

Game seed: 11853163786084211643

129 GodsMustBeCrazy the Skirmisher (level 5, 0/35 HPs)
             Began as a Gargoyle Fighter on Aug 7, 2021.
             Killed by nerve-wracking pain
             ... invoked by Grinder
              (4 damage)
             ... while paralysed by Grinder
             ... on level 3 of the Dungeon.
             The game lasted 00:09:12 (2659 turns).

GodsMustBeCrazy the Skirmisher (Gargoyle Fighter)   Turns: 2659, Time: 00:09:13

Health: 0/35       AC: 14    Str: 27    XL:     5   Next: 12%
Magic:  5/5        EV:  2    Int:  8    God:
Gold:   76         SH:  0    Dex:  9    Spells: 4/4 levels left

rFire    . . .     SeeInvis .   a - +0 war axe
rCold    . . .     Faith    .   c - +0 kite shield
rNeg     + . .     Spirit   .   j - +0 scale mail
rPois    ∞         Reflect  .   (no helmet)
rElec    +         Harm     .   (no cloak)
rCorr    .         Rampage  .   (no gloves)
Will     .....                  m - +2 pair of boots
Stlth    ..........             (no amulet)
HPRegen  0.11/turn              f - +6 ring of strength
MPRegen  0.09/turn              (no ring)

@: paralysed
A: sickness immunity, AC +4, negative energy resistance 1, electricity
resistance, torment resistance 1, petrification resistance
a: no special abilities


You were on level 3 of the Dungeon.
You visited 1 branch of the dungeon, and saw 3 of its levels.

You collected 76 gold pieces.

Inventory:

Hand Weapons
 a - a +0 war axe (weapon)
 b - a +0 hunting sling
 o - a +2 dagger of protection
Missiles
 h - 28 sling bullets
 k - 20 arrows
 l - 24 poisoned darts
Armour
 c - a +0 kite shield (worn)
 g - a +0 plate armour
 j - a +0 scale mail (worn)
 m - a +2 pair of boots (worn)
Jewellery
 f - a +6 ring of strength (left hand)
 p - a ring of fire
Scrolls
 i - 4 scrolls of magic mapping {unknown}
 n - a scroll of identify {unknown}
Potions
 d - a potion of might
 e - 2 potions of brilliance {unknown}


   Skills:
 + Level 5.4 Fighting
 - Level 1.7 Axes
 + Level 3.9 Armour
 + Level 3.9 Shields


You had 4 spell levels left.
You didn't know any spells.
Your spell library contained the following spells:

 Spells                   Type           Power      Damage    Failure   Level
 Magic Dart               Conj           0%         1d3       99%         1
 Call Imp                 Summ           0%         N/A       99%         2
 Mephitic Cloud           Conj/Pois/Air  0%         N/A       100%        3


Dungeon Overview and Level Annotations

Branches:
Dungeon (3/15)

Altars:
Dithmenos
Trog
Wu Jian

Annotations:
D:3 Grinder


Innate Abilities, Weirdness & Mutations

You are immune to sickness and miasma.
Your stone body is resilient. (AC +4)
You are immune to poison.
You resist negative energy. (rN+)
You are resistant to electric shocks. (rElec)
You are resistant to unholy torment.
You are immune to petrification.


Message History

You resist with significant effort.
Fire: 30 sling bullets
Press: ? - help, Q - select action, (/) - cycle Shift-Dir - straight line, f/p - Grinder
Aim: Grinder (severely wounded, 52% to hit)
You shoot a sling bullet. The sling bullet barely misses Grinder.
Fire: 29 sling bullets
Press: ? - help, Q - select action, (/) - cycle Shift-Dir - straight line, f/p - Grinder
Aim: Grinder (severely wounded, 52% to hit)
You shoot a sling bullet. The sling bullet hits Grinder.
Grinder is severely wounded.
Grinder gestures at you. You resist with significant effort.
a - a +0 war axe (weapon)
You are too injured to fight recklessly!
You are too injured to fight recklessly!
You closely miss Grinder.
Grinder is severely wounded.
Grinder gestures at you. Pain shoots through your body! Grinder hits you.
* * * LOW HITPOINT WARNING * * *
You writhe in agony.
* * * LOW HITPOINT WARNING * * *
You hit Grinder.
Grinder is almost dead.
Grinder gestures at you. Pain shoots through your body!
* * * LOW HITPOINT WARNING * * *
Grinder closely misses you.
You closely miss Grinder.
Grinder is almost dead.
Grinder hits you.
* * * LOW HITPOINT WARNING * * *
You closely miss Grinder.
Grinder is almost dead.
Grinder gestures at you.
You suddenly lose the ability to move!
Grinder hits you but does no damage. Grinder hits you but does no damage.
Grinder gestures at you. Pain shoots through your body!
You die...

##...§# #..### #..._§# #..# #
#.§.§. #..### #. #..§# #######
#..#.. #.. #...# #.....# #..#.#
###...##...#####.....# #..#.#
......J'5......#.....# #..#.#
.....?.#...###.#.....# #..#.#
...B...#...###'#@5...# ##.#.#
......5###........(..########.#.#
.....(. #.........(........#.#.#
......# #(........#........#.#.#
...J.. #(........#...(...>#.#.#
...... #.........#...(....#.#.#
#####.....#........#.#..
###.....#........#.###
#.....###........'....


You could see Grinder.

Vanquished Creatures
  Natasha (D:3)
  Terence (D:2)
  3 adders (D:2)
  A worm (D:2)
  3 dart slugs
  2 orcs (D:3)
  4 endoplasms
  2 giant cockroaches (D:3)
  A goblin (D:3)
  2 hobgoblins (D:1)
  4 quokkas
  6 ball pythons
  5 bats
  A frilled lizard (D:2)
  4 kobolds
  2 rats (D:3)
42 creatures vanquished.

Notes
Turn   | Place    | Note
-------+----------+-------------------------------------------
     0 | D:1      | GodsMustBeCrazy the Gargoyle Fighter began the quest for
                  | the Orb.
     0 | D:1      | Reached XP level 1. HP: 14/14 MP: 1/1
   388 | D:1      | Reached XP level 2. HP: 18/20 MP: 2/2
   538 | D:2      | Reached skill level 4 in Fighting
   926 | D:2      | Reached XP level 3. HP: 24/24 MP: 3/3
  1153 | D:2      | Noticed Terence
  1158 | D:2      | Killed Terence
  1159 | D:2      | Reached skill level 5 in Fighting
  1159 | D:2      | Reached XP level 4. HP: 25/31 MP: 4/4
  2038 | D:3      | Found an ornate altar of the Wu Jian Council.
  2048 | D:3      | Found a shadowy altar of Dithmenos.
  2052 | D:3      | Noticed Natasha
  2067 | D:3      | Killed Natasha
  2170 | D:3      | Found a bloodstained altar of Trog.
  2236 | D:3      | Reached XP level 5. HP: 35/35 MP: 5/5
  2600 | D:3      | Found a faded altar of an unknown god.
  2604 | D:3      | Noticed Grinder
  2641 | D:3      | Paralysed by Grinder for 7 turns
  2657 | D:3      | Paralysed by Grinder for 4 turns
  2659 | D:3      | Killed from afar by Grinder

Illustrated notes

Levels and vault maps discovered:
D:1:      ncdulo_lavacross, layout_basic
D:2:      layout_basic, uniq_terence
D:3:      layout_basic, mainiacjoe_overflow_large_starburst,
          mainiacjoe_overflow_swirl, ebering_ecumenical_altar_mist,
          uniq_natasha, uniq_grinder, uniq_sigmund

Skill      XL: |  1  2  3 |
---------------+----------+-----
Fighting       | 4 5 |  5.4
Axes           | |  1.7
Armour         | |  3.9
Shields        | |  3.9

Action                   |  1- 3 |  4- 6 || total
-------------------------+-------+-------++-------
Melee: War axe           |    44 |    65 ||   109
 Fire: Hunting sling     |     6 |    64 ||    70
Armor: Scale mail        |    31 |    34 ||    65
Dodge: Dodged            |    17 |    24 ||    41
Block: Kite shield       |    21 |    57 ||    78
